Map: Kairos Junction LE

Players

Mez - Winner!

  • Race: Terran Terran
  • League: Master
  • Spawn Location: 11:00

Bayan

  • Race: Zerg Zerg
  • League: Master
  • Spawn Location: 5:00

VOD

Have the link to the VOD?

Description

Time

  • Played on: July 28, 2019, 11:16 p.m.
  • Length: 9:33
Show
View Real Time Build Order
Export as new Build Order

Mez Terran - Winner!

Build Orders: Reaper Expand 

Get SALT Encoding   

  12  0:00  SCV  
  13  0:13  SCV  
  14  0:17  Supply Depot  
  14  0:25  SCV  
  15  0:39  SCV  
  15  0:40  Barracks  
  16  0:44  Refinery  
  16  0:51  SCV  
  17  1:03  SCV  
  18  1:15  SCV  
  19  1:28  Reaper, Orbital Command  
  20  1:41  Command Center  
  20  1:50  Barracks  
  20  1:58  SCV  
  21  2:03  Barracks Reactor  
  21  2:10  SCV  
  21  2:14  Barracks  
  22  2:21  Supply Depot  
  22  2:24  SCV  
  23  2:40  Marine  
  23  2:42  Marine x2  
  25  2:57  SCV  
  25  2:58  Orbital Command  
  25  3:04  Marine x2  
  24  3:08  Marine, Barracks Tech Lab  
  24  3:13  SCV  
  25  3:21  Orbital Command  
  25  3:23  Marine  
  25  3:24  Marine  
  25  3:26  SCV  
  28  3:29  Marine x2  
  28  3:33  Supply Depot  
  30  3:34  Combat Shield  
  30  3:41  Marine  
  31  3:49  Marine  
  31  3:50  SCV, Marine x2  
  31  3:51  SCV  
  34  3:58  Supply Depot  
  34  4:01  Engineering Bay  
  32  4:03  Marine  
  32  4:04  SCV x2  
  32  4:07  Marine x3  
  38  4:16  SCV x2  
  40  4:28  SCV x2, Marine x2  
  40  4:29  Marine x2  
  40  4:30  Terran Infantry Weapons Level 1  
  46  4:31  Supply Depot  
  46  4:46  Marine  
  46  4:48  SCV x2, Command Center  
  46  4:49  Marine x3  
  52  5:00  SCV x2  
  52  5:03  Supply Depot  
  52  5:05  Supply Depot  
  54  5:07  Factory  
  54  5:10  Marine  
  54  5:12  SCV x2  
  57  5:16  Refinery  
  57  5:17  Refinery  
  57  5:19  Marine x2  
  59  5:24  SCV  
  59  5:25  SCV  
  52  5:44  SCV x2  
  42  5:51  Marine x4  
  42  5:56  SCV x2  
  46  6:04  Orbital Command  
  46  6:08  SCV x2  
  46  6:09  Marine x4  
  47  6:21  Factory Reactor  
  47  6:23  Starport  
  47  6:27  Marine x4  
  47  6:31  SCV x2  
  53  6:34  SCV  
  54  6:42  Terran Infantry Armor Level 1  
  54  6:44  Stimpack  
  54  6:45  SCV x2  
  56  6:48  Marine  
  56  6:49  Marine  
  56  6:52  Barracks Reactor, Marine  
  60  6:57  SCV, Orbital Command  
  60  7:00  Supply Depot  
  60  7:03  SCV  
  60  7:04  Supply Depot  
  61  7:09  SCV  
  61  7:13  Marine, Medivac  
  61  7:14  Marine x2  
  61  7:15  SCV  
  68  7:19  Medivac  
  68  7:21  SCV  
  71  7:23  SCV  
  71  7:27  SCV  
  71  7:29  Marine  
  73  7:30  Marine  
  73  7:31  Marine x2  
  73  7:32  Marine  
  73  7:33  SCV  
  73  7:35  SCV  
  79  7:47  Marine x2  
  79  7:49  Marine  
  79  7:50  SCV  
  79  7:51  SCV x2  
  85  7:53  Barracks  
  85  7:54  Marine, Barracks  
  86  8:03  SCV x3  
  89  8:06  Bunker  
  89  8:10  Supply Depot  
  89  8:12  Supply Depot  
  89  8:13  Marine x5  
  89  8:15  SCV x3  
  89  8:16  Armory  
  89  8:18  Medivac  
  99  8:26  Engineering Bay  
  100  8:27  SCV x3  
  100  8:30  Medivac  
  100  8:31  Marine x2  
  107  8:38  Supply Depot  
  107  8:39  SCV x3  
  107  8:40  Supply Depot  
  110  8:47  Barracks Reactor x2  
  96  9:07  Marine x5  
Show
View Real Time Build Order
Export as new Build Order

Bayan Zerg 

Build Orders: Pool First 

Get SALT Encoding   

  12  0:01  Drone  
  13  0:12  Overlord  
  13  0:17  Drone  
  14  0:30  Drone  
  14  0:31  Drone  
  14  0:34  Drone  
  17  0:37  Extractor  
  16  0:46  Drone  
  17  0:52  Spawning Pool  
  17  0:56  Drone  
  17  1:17  Hatchery  
  16  1:38  Zergling x4  
  16  1:39  Zergling x2  
  19  1:40  Metabolic Boost  
  19  1:48  Queen  
  21  1:55  Overlord  
  21  2:05  Zergling x2  
  22  2:15  Zergling x2  
  22  2:38  Zergling x4  
  22  3:09  Zergling x4  
  22  3:10  Zergling x2  
  22  3:11  Drone x2  
  22  3:12  Drone  
  27  3:13  Queen  
  27  3:19  Lair  
  29  3:21  Overlord  
  29  3:32  Hatchery  
  28  3:39  Drone x3  
  28  3:56  Drone x3  
  28  3:57  Drone x2  
  32  4:21  Overlord  
  32  4:23  Drone x3  
  35  4:24  Zergling x2  
  36  4:33  Zergling x2  
  37  4:46  Zergling x6  
  37  4:47  Zergling x2  
  37  4:48  Overlord x2  
  37  4:49  Drone x2  
  43  5:00  Drone  
  43  5:01  Drone x2  
  46  5:08  Baneling Nest  
  45  5:15  Zergling x12  
  45  5:18  Spine Crawler  
  45  5:21  Zergling x4  
  52  5:22  Spine Crawler  
  39  5:47  Drone x2  
  39  5:48  Drone x3  
  38  6:11  Drone  
  38  6:12  Drone x7  
  45  6:19  Queen  
  45  6:21  Drone x3  
  45  6:22  Drone  
  51  6:28  Baneling Nest  
  50  6:34  Drone x3  
  53  6:41  Baneling  
  53  6:42  Baneling x2  
  53  6:43  Baneling  
  53  6:49  Drone x5  
  53  6:50  Drone x2  
  53  6:52  Extractor  
  53  6:53  Evolution Chamber, Drone  
  59  6:59  Overlord x3  
  59  7:09  Overlord  
  59  7:10  Overlord x2  
  59  7:12  Centrifical Hooks  
  59  7:17  Drone  
  59  7:20  Zergling x10  
  59  7:21  Zergling x2  
  65  7:38  Baneling x3  
  65  7:41  Baneling x5  
  65  7:50  Drone x3, Extractor  
  67  7:51  Drone x3  
  67  7:52  Drone x4  
  67  7:54  Extractor  
  67  7:55  Extractor  
  67  7:56  Overlord  
  67  7:57  Overlord x2  
  67  7:58  Hatchery, Extractor  
  71  8:04  Overseer  
  70  8:09  Drone x2  
  70  8:10  Zergling x10  
  70  8:11  Zergling x2  
  78  8:32  Drone x2  
  78  8:33  Zergling x8, Hydralisk Den  
  83  8:48  Baneling x2  
  83  8:50  Hatchery  
  67  8:59  Zergling x20  
  68  9:08  Zergling x2  
  68  9:09  Zergling x10  
Tags
 
Add a new tag
Caveats
  • Supply blocks, unpowered buildings, or Contaminate may cause inaccurate times.
  • Supply counts are checked every 10 seconds.